 Dungeon Crawl Stone Soup version 0.23-a0-612-gcb482e9 (console) character file.

11 Duffy the Firebug (level 2, -1/19 HPs)
             Began as a Demonspawn Fire Elementalist on Dec 21, 2018.
             Slain by a giant cockroach (2 damage)
             ... on level 2 of the Dungeon.
             The game lasted 00:00:18 (108 turns).

Duffy the Firebug (Demonspawn Fire Elementalist)     Turns: 108, Time: 00:00:18

Health: -1/19      AC:  2    Str:  8    XL:     2   Next: 17%
Magic:  5/5        EV: 12    Int: 16    God:
Gold:   0          SH:  0    Dex: 13    Spells: 4/5 levels left

rFire    . . .     SeeInvis .   (no weapon)
rCold    . . .     Gourm    .   (no shield)
rNeg     . . .     Faith    .   a - +0 robe
rPois    .         Spirit   .   (no helmet)
rElec    .         Reflect  .   (no cloak)
rCorr    .         Harm     .   (no gloves)
MR       .....                  (no boots)
Stlth    ++........             (no amulet)
HPRegen  0.06/turn              (no ring)
MPRegen  0.09/turn              (no ring)

@: no status effects
A: spiny 1
a: no special abilities


You were on level 2 of the Dungeon.
You were not hungry.

You visited 1 branch of the dungeon, and saw 2 of its levels.

Inventory:

Armour
 a - a +0 robe (worn)
Comestibles
 b - 2 chunks of flesh
 c - 2 rations


   Skills:
 - Level 1.7 Dodging
 - Level 1.7 Stealth
 - Level 2.0 Spellcasting
 + Level 2.2 Conjurations
 - Level 2.6 Fire Magic


You had 4 spell levels left.
You knew the following spells:

 Your Spells              Type           Power        Failure   Level  Hunger
h - Flame Tongue          Conj/Fire      #....        8%          1    #......

Your spell library contained the following spells:

 Spells                   Type           Power        Failure   Level  Hunger
 Throw Flame              Conj/Fire      #.....       12%         2    ###....
 Conjure Flame            Conj/Fire      #.......     22%         3    ###....
 Inner Flame              Hex/Fire       #.......     34%         3    ###....
 Sticky Flame             Conj/Fire      #.......     58%         4    #####..
 Fireball                 Conj/Fire      #.........   91%         5    ######.


Dungeon Overview and Level Annotations

Branches:
Dungeon (2/15)

Altars:


Innate Abilities, Weirdness & Mutations

You are partially covered in sharp spines.


Message History

The giant cockroach bites you.
The giant cockroach completely misses you.
The giant cockroach bites you but does no damage.
The giant cockroach misses you. The giant cockroach bites you. x2
The giant cockroach bites you but does no damage.
The giant cockroach barely misses you. x2
The giant cockroach waves its antennae.
The giant cockroach closely misses you.
The giant cockroach is struck by your spines.
You kill the giant cockroach!
The giant cockroach bites you but does no damage.
The giant cockroach bites you. The giant cockroach closely misses you.
The giant cockroach barely misses you.
The giant cockroach is struck by your spines.
The giant cockroach barely misses you.
The giant cockroach is struck by your spines.
The giant cockroach bites you. x2
You die...

#.# #.# ##. #.# ...
###%##.# ......
########...######
...........>....#
.......)%....##.#
.##....s@......#
##.#!#.......# +.
#.........# #
###...#...###.#
#...........#
####...##.######
........#.#
........#.#########
........#$........#


You could see a giant cockroach.

Vanquished Creatures
  An adder (D:2)
  A giant cockroach (D:2)
  A kobold (D:2)
3 creatures vanquished.

Notes
Turn   | Place    | Note
-------+----------+-------------------------------------------
     0 | D:1      | Duffy the Demonspawn Fire Elementalist began the quest for
                  | the Orb.
     0 | D:1      | Reached XP level 1. HP: 13/13 MP: 3/3
    12 | D:2      | Gained mutation: You are partially covered in sharp spines.
                  | [demonic ancestry]
    12 | D:2      | Reached XP level 2. HP: 19/19 MP: 0/5
   108 | D:2      | Slain by a giant cockroach

Vault maps used:
D:1:      sevenhm_arrival_forest_fort_small_1

Skill      XL: |  1 |
---------------+----+-----
Conjurations   | 2 |  2.2
Dodging        | |  1.7
Stealth        | |  1.7
Spellcasting   | |  2.0
Fire Magic     | |  2.6

Action                   || total
-------------------------++-------
Melee: Unarmed           ||     3
 Cast: Flame Tongue      ||     3
Armor: Robe              ||     6
Dodge: Dodged            ||    26

Table legend:
 A = Non-vault XP
 B = Vault XP
 C = Vault XP percentage of total XP
 D = Non-vault monster count
 E = Vault monster count
 F = Vault count percentage of total count
                 A         B        C        D         E       F
            +---------+---------+-------+---------+---------+-------
      Total |      17 |       0 |   0.0 |       3 |       0 |   0.0
            +---------+---------+-------+---------+---------+-------
        D:2 |      17 |       0 |   0.0 |       3 |       0 |   0.0
            +---------+---------+-------+---------+---------+-------
